[Event "*** Titled Tuesday Blitz"]
[Site "Chess.com"]
[Date "2020.02.04"]
[Round "6"]
[White "GMHellers"]
[Black "Rud_Makarian"]
[Result "1/2-1/2"]
[WhiteElo "2507"]
[BlackElo "2606"]
[TimeControl "180+2"]
[EndTime "10:21:00 PST"]
[Termination "Game drawn - insufficient material"]

1. e4 c6 2. d4 d5 3. Nc3 dxe4 4. Nxe4 Nf6 5. Nxf6+ exf6 6. c3 Bd6 7. Bd3 O-O 8. Qc2 Re8+ 9. Ne2 h5 10. Be3 Nd7 11.
O-O-O Nf8 12. Nf4 Bxf4 13. Bxf4 Be6 14. f3 b5 15. Rhe1 a5 16. Be4 Bd5 17. Re2 Qd7 18.
Rde1 g6 19. h3 f5 20. Bxd5 cxd5 21. Rxe8 Rxe8 22. Rxe8 Qxe8 23. Kd1 Ne6 24. Bd2 Qc6 25.
Qd3 Nc7 26. b3 a4 27. Qe3 Qe6 28. Qxe6 fxe6 29. bxa4 bxa4 30. Kc2 Nb5 31. Bf4 Na3+ 32. Kd3 Nc4 33. h4 Kf7 34. Ke2 Ke8 35. Kd3 Kd7 36. Bg3 Kc6 37. Bf4 Kb5 38. Bg3 a3 39. Bf4 Nb2+ 40.
Kc2 Kc4 41. Bc1 Nd3 42. Bxa3 Ne1+ 43. Kd2 Nxg2 44. Be7 Kb5 45. Bf6 Ka4 46. Be7 Nf4 47. Ke3 Ng2+ 48. Kd2 f4 49. Bg5 Ka3 50. c4 dxc4 51.
Kc3 Ne1 52. Bxf4 Nxf3 53. Bg3 Kxa2 54. Kxc4 Kb2 55. d5 exd5+ 56. Kxd5 Kc3 57. Ke6 g5 58.
hxg5 Nxg5+ 59. Kf5 Nf3 60. Kg6 h4 61. Bxh4 1/2-1/2

[Event "*** Titled Tuesday Blitz"]
[Site "Chess.com"]
[Date "2020.02.04"]
[Round "6"]
[White "MITerryble"]
[Black "AtabayevSaparmyrat"]
[Result "1-0"]
[WhiteElo "2951"]
[BlackElo "2805"]
[TimeControl "180+2"]
[EndTime "10:21:03 PST"]
[Termination "MITerryble won by resignation"]

1. d4 Nf6 2. Nf3 d5 3. c4 c6 4.
Nc3 dxc4 5. a4 Bf5 6. Ne5 Nbd7 7. Nxc4 e6 8. f3 Be7 9. e4 Bg6 10. Be3 O-O 11. Be2 b6 12. O-O a6 13. Rc1 b5 14.
Nd2 Rc8 15. Nb3 Qb6 16. a5 Qa7 17. Bf2 Qb7 18. Na2 Rfd8 19. Qe1 h6 20. Nb4 Ne8 21. Nd3 Qa8 22. Nbc5 Nxc5 23. Nxc5 Nd6 24. Qc3 Nb7 25. Nb3 Qb8 26. Rfd1 Qd6 27. Bg3 Qb4 28. Qxb4 Bxb4 29. Be1 Bxe1 30. Rxe1 f6 31. Rc3 Bf7 32. Rec1 Be8 33.
Kf2 Kf8 34. Ke3 Ke7 35. f4 g5 36. g3 Rc7 37. e5 fxe5 38. fxe5 Rdc8 39. Bf3 Bd7 40. Be4 Be8 41. Rf1 b4 42. Rcc1 c5 43. Bxb7 cxd4+ 44. Kd2 Bb5 45. Bxc8 Rxc8 46. Rxc8 1-0

[Event "*** Titled Tuesday Blitz"]
[Site "Chess.com"]
[Date "2020.02.04"]
[Round "6"]
[White "miroslavsavic"]
[Black "Sjakkerntobi"]
[Result "0-1"]
[WhiteElo "2138"]
[BlackElo "2272"]
[TimeControl "180+2"]
[EndTime "10:21:05 PST"]
[Termination "Sjakkerntobi won by resignation"]

1. Nf3 c5 2. c4 Nc6 3. Nc3 g6 4. g3 Bg7 5. Bg2 d6 6. O-O Bf5 7. e4 Bg4 8. d3 Qd7 9. Be3 h5 10. Qd2 Bh3 11. d4 cxd4 12. Nxd4 h4 13. Nxc6 bxc6 14.
Rad1 Bxg2 15. Kxg2 hxg3 16. fxg3 Qh3+ 17. Kg1 Nf6 18. Qf2 O-O-O 19. Qg2 Qe6 20. Bxa7 Ng4 21. e5 Kc7 22. exd6+ Rxd6 23. Rde1 Be5 24. Bc5 Rxh2 25.
Bxd6+ Qxd6 26. Qf3 Bd4+ 27. Rf2 Bxf2+ 28. Kf1 Bxe1 29.
Qxg4 Bxc3 30. bxc3 Qd2 31. Qf4+ Qxf4+ 32. gxf4 Rxa2 0-1

[Event "*** Titled Tuesday Blitz"]
[Site "Chess.com"]
[Date "2020.02.04"]
[Round "6"]
[White "RaunakSadhwani2005"]
[Black "GMSrinath"]
[Result "1-0"]
[WhiteElo "2755"]
[BlackElo "2965"]
[TimeControl "180+2"]
[EndTime "10:21:08 PST"]
[Termination "RaunakSadhwani2005 won by resignation"]

1. d4 Nf6 2. Nc3 d5 3. Bf4 c6 4.
e3 g6 5. Nf3 Bg7 6. Be2 Bg4 7.
Ne5 Bxe2 8. Qxe2 Nbd7 9. O-O-O Qa5 10. Kb1 O-O 11. h4 Nxe5 12. Bxe5 b5 13. Qe1 Ne4 14. Nxd5 Qxe1 15. Nxe7+ Kh8 16. Rdxe1 Bxe5 17. dxe5 Nxf2 18. Rhf1 Ne4 19. Rf4 Nd2+ 20. Kc1 Nc4 21. Nxc6 Rac8 22. Nxa7 Rc5 23. e6 Ne5 24. Rd1 Kg7 25. b4 Rc3 26. Nxb5 Rxe3 27. exf7 Nxf7 28. Nd6 Ne5 29. Rxf8 Kxf8 30.
Kb2 Ke7 31. a4 Rg3 32. c3 Nd3+ 33. Kc2 Nf4 34. a5 Nxg2 35. Nc8+ Ke8 36. Kb3 Ne3 37. Rd3 1-0

[Event "*** Titled Tuesday Blitz"]
[Site "Chess.com"]
[Date "2020.02.04"]
[Round "6"]
[White "czasnaszachy"]
[Black "zurzan"]
[Result "1-0"]
[WhiteElo "2303"]
[BlackElo "1992"]
[TimeControl "180+2"]
[EndTime "10:21:11 PST"]
[Termination "czasnaszachy won on time"]

1. d4 d6 2. e4 Nf6 3. Nc3 Nbd7 4. f4 e5 5. Nf3 exd4 6. Nxd4 g6 7. Be2 Bg7 8. O-O O-O 9. Bf3 Re8 10. Re1 c6 11.
Be3 Qc7 12. Bf2 a5 13. a4 Nc5 14. Qd2 Rb8 15. h3 b6 16. Rad1 Bb7 17. b3 Rbd8 18. Bg3 Qd7 19. Qf2 d5 20. exd5 Nxd5 21. Nxd5 Rxe1+ 22.
Rxe1 cxd5 23. f5 Ne4 24. Bxe4 dxe4 25. c3 Bxd4 26. cxd4 Qxd4 27. Bc7 Qxf2+ 28. Kxf2 Rd7 29. Bxb6 Rd3 30. fxg6 hxg6 31. Re3 Rd5 32. Rc3 Rd2+ 33. Ke3 Rxg2 34. Bxa5 Rg3+ 35. Kd4 Rxc3 36. Bxc3 f5 37. b4 Kf7 38. b5 Ke6 39. Bd2 Kf6 40. h4 Ke6 41. a5 Kd6 42. Bf4+ Kd7 43. Kc5 Kc8 44. a6 Ba8 45. b6 Bb7 46. axb7+ Kxb7 47. Be3 Kb8 48.
Kc6 1-0

[Event "*** Titled Tuesday Blitz"]
[Site "Chess.com"]
[Date "2020.02.04"]
[Round "6"]
[White "Raspadsistema"]
[Black "RoelandPruijssers"]
[Result "0-1"]
[WhiteElo "2804"]
[BlackElo "2628"]
[TimeControl "180+2"]
[EndTime "10:21:12 PST"]
[Termination "RoelandPruijssers won by resignation"]

1. e4 d5 2. exd5 Qxd5 3. Nf3 Bg4 4. Be2 Nc6 5. h3 Bxf3 6. Bxf3 Qe6+ 7. Qe2 Qxe2+ 8.
Bxe2 O-O-O 9. c3 e5 10. d3 g6 11. Nd2 Bg7 12. Kd1 Nge7 13. Kc2 f5 14. Re1 Nd5 15. a4 Rhe8 16. g3 Bf6 17. Nc4 e4 18. d4 h5 19. h4 a6 20. Bf1 f4 21.
Bg2 f3 22. Bh3+ Kb8 23. Ne3 Ndb4+ 24. cxb4 Nxb4+ 25. Kb1 Nd3 26. Rf1 Bxd4 27. Ra3 Rd6 28. Nd1 Rb6 29. a5 Rb4 30. Bd2 Rc4 31. Ne3 Rc5 32.
Nd1 Rd8 33. Be3 Rb5 34. Bxd4 Rxd4 35. Be6 Rdb4 36. Ra2 Rc5 37. Nc3 Rxc3 0-1

[Event "*** Titled Tuesday Blitz"]
[Site "Chess.com"]
[Date "2020.02.04"]
[Round "6"]
[White "Mikhail_Golubev"]
[Black "rpragchess"]
[Result "0-1"]
[WhiteElo "2541"]
[BlackElo "2803"]
[TimeControl "180+2"]
[EndTime "10:21:12 PST"]
[Termination "rpragchess won by resignation"]

1. e4 c5 2. Nf3 e6 3. d4 cxd4 4. Nxd4 a6 5. Bd3 Bc5 6. Be3 Qb6 7. c3 Nc6 8. Nd2 Nxd4 9. Nc4 Qc7 10. cxd4 Bb4+ 11. Kf1 b5 12. Ne5 Nf6 13. Rc1 Qb7 14. f3 O-O 15. g4 Ne8 16. g5 f6 17. gxf6 Nxf6 18. Rg1 Kh8 19. Qc2 d5 20. Qc7 dxe4 21. Rxg7 Qxc7 22. Rcxc7 Bd6 23. Bh6 Bxc7 24. Nf7+ Rxf7 25.
Rxf7 exd3 26. Rxf6 Bb7 27. Rf7 Rc8 28. Kf2 Bd5 29. Rd7 Bxh2 30. Bg7+ Kg8 31. Bf6 Bf4 32. Rg7+ Kf8 33. Rxh7 Rc2+ 0-1

[Event "*** Titled Tuesday Blitz"]
[Site "Chess.com"]
[Date "2020.02.04"]
[Round "6"]
[White "karinachess1"]
[Black "WelshTiger"]
[Result "1/2-1/2"]
[WhiteElo "2504"]
[BlackElo "2292"]
[TimeControl "180+2"]
[EndTime "10:21:12 PST"]
[Termination "Game drawn by repetition"]

1. Nf3 c5 2. c4 Nf6 3. Nc3 d5 4.
cxd5 Nxd5 5. e3 Nxc3 6. dxc3 Qxd1+ 7. Kxd1 Nc6 8. e4 Bg4 9. Be2 O-O-O+ 10. Kc2 e6 11.
Be3 Be7 12. a4 Rd7 13. Bb5 Bxf3 14. Bxc6 bxc6 15. gxf3 a6 16. Rhd1 Rhd8 17. Rxd7 Rxd7 18. a5 f5 19. Ra4 Bd6 20. f4 fxe4 21. Rxe4 Re7 22.
Kd3 Kd7 23. Kc4 Rf7 24. h3 Rf5 25. b3 Rh5 26. h4 Rxh4 27. Bxc5 Bxc5 28. Kxc5 Rh5+ 29. Kb6 Rb5+ 30. Kxa6 Rxb3 31. Rd4+ Kc7 32. c4 Rb8 33. Ka7 Rb7+ 34. Ka6 Rb8 35. Ka7 Rb7+ 36.
Ka8 Rb8+ 37. Ka7 1/2-1/2

[Event "*** Titled Tuesday Blitz"]
[Site "Chess.com"]
[Date "2020.02.04"]
[Round "6"]
[White "GelmanAlexander"]
[Black "Misha_Bilous"]
[Result "1-0"]
[WhiteElo "2460"]
[BlackElo "2470"]
[TimeControl "180+2"]
[EndTime "10:21:12 PST"]
[Termination "GelmanAlexander won by resignation"]

1. e4 c5 2. b4 cxb4 3. a3 bxa3 4. d4 e6 5. Bd3 d5 6. e5 Nc6 7. c3 Nge7 8. Nf3 Ng6 9. h4 Be7 10. h5 Nh4 11. Nxh4 Bxh4 12. Qg4 Be7 13. Qxg7 Kd7 14. Bxh7 Qf8 15. h6 b5 16. Nxa3 b4 17. Nb5 bxc3 18. Rh3 Rb8 19. Nd6 Nxd4 20. Nxf7 Rxh7 21. Qxh7 c2 22. Rxa7+ Kc6 23. Rc3+ Kb6 24. Rac7 Bb4 25. Nd6 Bxd6 26. exd6 Qxd6 27. Be3 e5 28. Qxc2 Ka6 29. Bxd4 exd4 30. R3c6+ Rb6 31. Rxd6 Rxd6 32. Rxc8 d3 33. Qxd3+ 1-0

[Event "*** Titled Tuesday Blitz"]
[Site "Chess.com"]
[Date "2020.02.04"]
[Round "6"]
[White "artooon"]
[Black "Sergey85Rodchenkov"]
[Result "1/2-1/2"]
[WhiteElo "2797"]
[BlackElo "2559"]
[TimeControl "180+2"]
[EndTime "10:21:19 PST"]
[Termination "Game drawn by repetition"]

1. e4 c5 2. Nf3 e6 3. d4 cxd4 4. Nxd4 a6 5. c4 Qc7 6. Nc3 b6 7. Be2 Bb7 8. Be3 Nf6 9. f3 Nc6 10. Rc1 Nxd4 11. Bxd4 Bd6 12. g3 h5 13. Kd2 h4 14. Kc2 Be5 15. Be3 Bxc3 16. Kxc3 d5 17. exd5 Nxd5+ 18. Kd2 Nxe3 19. Kxe3 Rd8 20. Qa4+ b5 21.
Qa3 b4 22. Qxb4 Qe5+ 23. Kf2 Qd4+ 24. Kg2 Qe3 25. Qa4+ Rd7 26. Rce1 hxg3 27. hxg3 Rxh1 28. Kxh1 Bxf3+ 29. Bxf3 Qxe1+ 30. Kh2 Ke7 31. Qa3+ Kf6 32. Bg2 Rd8 33. Qf3+ Ke7 34. Qb7+ Kf6 35. Qf3+ Ke7 36. Qa3+ Kf6 37. Qf3+ 1/2-1/2

[Event "*** Titled Tuesday Blitz"]
[Site "Chess.com"]
[Date "2020.02.04"]
[Round "6"]
[White "sganerdene"]
[Black "Harry_Rakkel"]
[Result "1-0"]
[WhiteElo "2736"]
[BlackElo "2535"]
[TimeControl "180+2"]
[EndTime "10:21:28 PST"]
[Termination "sganerdene won on time"]

1. e4 c5 2. Nf3 d6 3. d4 cxd4 4.
Nxd4 Nf6 5. Nc3 a6 6. Be3 e6 7. g4 e5 8. Nf5 g6 9. Nh6 Bxh6 10.
Bxh6 Bxg4 11. f3 Be6 12. Bg5 h6 13. Bh4 Nc6 14. Be2 g5 15. Bf2 Nh5 16. h4 gxh4 17. Bxh4 Qc7 18. Qd2 Nd4 19. O-O-O Nf4 20. Bf6 Rg8 21.
Bf1 Rg6 22. Bh4 Nxf3 23. Qf2 Nxh4 24. Qxh4 Rc8 25. Rd2 b5 26. Bxb5+ axb5 27. Nxb5 Qc5 28. Nxd6+ Kf8 29. Nxc8 Bxc8 30. Qh2 Kg7 31. Kb1 Bb7 32.
Re1 Bxe4 33. b3 Bf5 34. Kb2 Re6 35. Qg3+ Bg6 36. a4 h5 37. Ra1 1-0

[Event "*** Titled Tuesday Blitz"]
[Site "Chess.com"]
[Date "2020.02.04"]
[Round "6"]
[White "EmmaChess"]
[Black "Leonid_Starozhilov"]
[Result "1-0"]
[WhiteElo "2488"]
[BlackElo "2688"]
[TimeControl "180+2"]
[EndTime "10:21:30 PST"]
[Termination "EmmaChess won on time"]

1. d3 c5 2. e4 Nc6 3. g3 h5 4. Nf3 e5 5. Bg2 Be7 6. h3 d6 7. Nc3 h4 8. g4 Nd4 9. Nxd4 cxd4 10. Nd5 Be6 11. Nxe7 Nxe7 12. f4 f6 13. O-O Qb6 14. Kh1 O-O-O 15. c3 Kb8 16. c4 exf4 17. Bxf4 Ng6 18.
Qd2 Nxf4 19. Rxf4 Qc5 20. b4 Qe5 21. a4 Rc8 22. a5 Rc7 23. Re1 Rhc8 24. Rf5 Bxf5 25.
exf5 Qg3 26. a6 Rd8 27. Re4 bxa6 28. Rxd4 d5 29. Qe2 Qe5 30. Qf2 Rcd7 31. Bxd5 Rxd5 32.
cxd5 Rxd5 33. Re4 Qa1+ 34. Re1 Qd4 35. Re8+ Kc7 36. Qc2+ Kd6 37. Re6+ 1-0

[Event "*** Titled Tuesday Blitz"]
[Site "Chess.com"]
[Date "2020.02.04"]
[Round "6"]
[White "Hydrargyrum_Girl"]
[Black "LLRChess"]
[Result "0-1"]
[WhiteElo "2191"]
[BlackElo "2496"]
[TimeControl "180+2"]
[EndTime "10:21:34 PST"]
[Termination "LLRChess won by resignation"]

1. d4 f5 2. Nc3 Nf6 3. Bg5 d5 4. f3 c5 5. e4 cxd4 6. Qxd4 Nc6 7. Bb5 dxe4 8. Qxd8+ Kxd8 9. O-O-O+ Kc7 10. Bf4+ e5 11.
Bg5 Be6 12. fxe4 fxe4 13. Nge2 Bb4 14. Rhf1 Rhf8 15. a3 Bc5 16. Ng3 e3 17. Bxf6 gxf6 18. Nge4 Be7 19. Nd5+ Bxd5 20. Rxd5 f5 21. Bxc6 Kxc6 22.
Rxe5 fxe4 23. Re1 Bd6 24. Rxe4 Bxh2 25. Kb1 Bf4 26. g3 Bg5 27. Re6+ Kd7 28. Re5 h6 29.
Rd1+ Kc7 30. Rc5+ Kb6 31. Rc3 a6 32. Rd6+ Ka7 33. Rb3 e2 34. Re6 Rae8 35. Rbb6 Rxe6 36. Rxe6 Rf1+ 0-1

[Event "*** Titled Tuesday Blitz"]
[Site "Chess.com"]
[Date "2020.02.04"]
[Round "6"]
[White "Gahan-MG"]
[Black "Blitzstream"]
[Result "0-1"]
[WhiteElo "2431"]
[BlackElo "2780"]
[TimeControl "180+2"]
[EndTime "10:21:41 PST"]
[Termination "Blitzstream won by resignation"]

1. e4 d5 2. exd5 Qxd5 3. Nc3 Qa5 4. d4 Nf6 5. Nf3 Nc6 6. h3 Bf5 7. Bc4 e6 8. O-O O-O-O 9. Be3 Ne4 10. Nxe4 Bxe4 11.
c3 h6 12. Nd2 Bg6 13. Nb3 Qf5 14. Qe2 Bd6 15. Rad1 Qh5 16. Qxh5 Bxh5 17. Bb5 Bxd1 18. Rxd1 Ne7 19. Be2 Nf5 20. Bc1 c6 21. Bd3 g6 22.
Na5 Bc7 23. Nb3 h5 24. Re1 Bd6 25. Bg5 Rde8 26. Bf6 Rhg8 27. Na5 g5 28. Nc4 Bc7 29.
Ne5 Bxe5 30. Bxe5 g4 31. hxg4 hxg4 32. g3 Ne7 33. Kg2 Nd5 34. a3 f6 35. Bd6 Kd7 36.
Bc5 b6 37. c4 bxc5 38. cxd5 exd5 39. Bf5+ Kd6 40. dxc5+ Kxc5 41. Rc1+ Kd6 42. b4 Re2 43. Bd3 Rb2 44. Rc3 Re8 45. Ba6 Re7 46. Kg1 Rb1+ 47. Kg2 Ree1 0-1

[Event "*** Titled Tuesday Blitz"]
[Site "Chess.com"]
[Date "2020.02.04"]
[Round "6"]
[White "AlexanderKing"]
[Black "norwaytoadog"]
[Result "1-0"]
[WhiteElo "2506"]
[BlackElo "2301"]
[TimeControl "180+2"]
[EndTime "10:21:42 PST"]
[Termination "AlexanderKing won by checkmate"]

1. d4 Nf6 2. c4 e6 3. Nc3 Bb4 4. e3 c5 5. Bd3 Bxc3+ 6. bxc3 Nc6 7. Ne2 d6 8. O-O O-O 9. e4 e5 10. d5 Ne7 11. Ng3 Ng6 12. Nf5 Bxf5 13. exf5 Ne7 14. Bg5 Kh8 15. f4 Neg8 16. fxe5 dxe5 17. Qe1 Qd6 18. Qh4 h6 19. Rae1 Nh7 20. Bc1 Rae8 21. g4 Qf6 22. Qg3 Re7 23. h4 Rfe8 24. g5 Qb6 25. f6 gxf6 26. gxh6 Nxh6 27. Kh1 Rg8 28. Qh3 Ng4 29. Re2 Qd6 30. Rf5 e4 31. Bxe4 Rge8 32.
Qxg4 Rg8 33. Qh3 Rg3 34. Qh2 Re8 35. Rh5 f5 36. Bxf5 Rxe2 37. Rxh7+ Kg8 38. Qxe2 Qf6 39. Qe8# 1-0

[Event "*** Titled Tuesday Blitz"]
[Site "Chess.com"]
[Date "2020.02.04"]
[Round "6"]
[White "RojonR"]
[Black "Tayson_7"]
[Result "0-1"]
[WhiteElo "2429"]
[BlackElo "2659"]
[TimeControl "180+2"]
[EndTime "10:21:43 PST"]
[Termination "Tayson_7 won by checkmate"]

1. e4 c5 2. Nf3 d6 3. d4 cxd4 4. Qxd4 Nc6 5. Bb5 Bd7 6. Bxc6 Bxc6 7. Nc3 h6 8. O-O e5 9. Qd3 Nf6 10. Rd1 Be7 11. b3 O-O 12. Ba3 Qa5 13. Bb2 Rfd8 14. Nd5 Bxd5 15. exd5 e4 16. Qd2 Qc5 17. Nh4 Nxd5 18.
Nf5 Bf6 19. c4 Bxb2 20. Qxb2 Nf6 21. Rd5 Qc7 22. Rad1 Re8 23. Rxd6 Rad8 24. Nxh6+ Kf8 25. Nf5 Rxd6 26. Rxd6 Rd8 27. Rxd8+ Qxd8 28. h3 g6 29. Nd4 Nh5 30. Nb5 Kg8 31. Qd4 Qe7 32. Qxa7 Nf4 33. Qe3 Qg5 34. g4 Qe5 35. Nd4 Nxh3+ 36. Qxh3 Qxd4 37.
Qe3 Qa1+ 38. Kh2 Qxa2 39. Qxe4 Qxf2+ 40. Kh3 Qf1+ 41. Kh4 Qf2+ 42. Kg5 Kg7 43. Qe7 Qd2+ 44. Kh4 Qh2+ 45. Kg5 Qh6# 0-1

[Event "*** Titled Tuesday Blitz"]
[Site "Chess.com"]
[Date "2020.02.04"]
[Round "6"]
[White "Nikolakis2014"]
[Black "albi1999"]
[Result "1-0"]
[WhiteElo "2707"]
[BlackElo "2504"]
[TimeControl "180+2"]
[EndTime "10:21:54 PST"]
[Termination "Nikolakis2014 won by checkmate"]

1. Nf3 d5 2. d4 Nf6 3. c4 e6 4.
g3 Bb4+ 5. Nc3 dxc4 6. Bg2 O-O 7.
a3 Bxc3+ 8. bxc3 b5 9. a4 c6 10. Bg5 Bb7 11. Ne5 a6 12. Rb1 Qc7 13. Bxf6 gxf6 14. Ng4 Nd7 15. O-O f5 16. Ne3 Rab8 17.
Qc1 Nf6 18. Nxf5 Ne8 19. Qg5+ Kh8 20. Ne3 f6 21. Qc5 Qd6 22. Qh5 Ng7 23. Qh6 c5 24.
Bxb7 Rxb7 25. dxc5 Qxc5 26. Rfd1 Kg8 27. Rd4 Re7 28.
axb5 axb5 29. Rh4 Ne8 30. Rh5 f5 31. Rg5+ Ng7 32. h4 Qe5 33. Ng2 Qxc3 34. Rxb5 Qd4 35.
Nf4 Qe4 36. Rc5 Rd7 37. Kh2 Rd1 38. Qxg7# 1-0

[Event "*** Titled Tuesday Blitz"]
[Site "Chess.com"]
[Date "2020.02.04"]
[Round "6"]
[White "vlad_Sid"]
[Black "GMMatamoros"]
[Result "1-0"]
[WhiteElo "2698"]
[BlackElo "2434"]
[TimeControl "180+2"]
[EndTime "10:21:55 PST"]
[Termination "vlad_Sid won on time"]

1. c4 Nf6 2. g3 g6 3. Bg2 Bg7 4. Nc3 O-O 5. d3 d6 6. Nf3 e5 7. O-O Re8 8. Rb1 a5 9. a3 e4 10. Nd2 exd3 11. exd3 Nc6 12. h3 Bf5 13. Nde4 Nxe4 14.
Nxe4 Nd4 15. Bg5 f6 16. Be3 Nc6 17. b4 axb4 18. axb4 Ra3 19. Rb3 Qa8 20. b5 Ne5 21. g4 Be6 22. f4 Nd7 23. Qc2 Ra2 24. Qb1 d5 25. Nc3 dxc4 26. dxc4 Rxg2+ 27. Kxg2 Bxc4 28. Rf3 Bxb3 29. Qxb3+ Kh8 30. Qc4 Qd8 31. Nd5 Nb6 32.
Bxb6 cxb6 33. f5 Re5 34. Nf4 gxf5 35. Ne6 Qe8 36. gxf5 Rxb5 37. Rd3 Rb2+ 38. Kf3 Bf8 39. Rd8 Qh5+ 40. Kg3 1-0

[Event "*** Titled Tuesday Blitz"]
[Site "Chess.com"]
[Date "2020.02.04"]
[Round "6"]
[White "Nalatac"]
[Black "BabyBoss31"]
[Result "0-1"]
[WhiteElo "2270"]
[BlackElo "2204"]
[TimeControl "180+2"]
[EndTime "10:21:55 PST"]
[Termination "BabyBoss31 won on time"]

1. Nf3 d5 2. g3 Bf5 3. c4 e6 4.
Qb3 Nc6 5. cxd5 Qxd5 6. Qxb7 Rb8 7. Qa6 Nb4 8. Qa4+ Qb5 9. Qxb5+ Rxb5 10. Na3 Ra5 11. Nd4 Bc5 12. Nxf5 exf5 13. Bg2 Rxa3 14. bxa3 Nc2+ 15. Kd1 Nxa1 16. Bb2 Nf6 17. e3 Ng4 18. Bc6+ Ke7 19. Ke2 Nc2 20. Rc1 Bxa3 21. Rxc2 Bxb2 22. Rxb2 Kd6 23. Ba4 Nxh2 24. f3 g5 25. Rb1 g4 26.
fxg4 Nxg4 27. Bc2 h5 28. Bxf5 Nh6 29. Be4 Rg8 30. Kf3 Ng4 31. Rh1 Ne5+ 32. Kf2 Rg4 33. Bf5 Ra4 34. Bb1 Rb4 35. Ke2 Rb2 36. a3 Ng4 37. Bf5 Ne5 38. Rxh5 Rb3 39. d4 Nc4 40.
Bd3 Rb2+ 41. Kf3 Nd2+ 42. Kf4 Rb3 43. Bh7 Rxa3 44. Rf5 Ke7 45. Bg8 f6 46. g4 Nf1 47. e4 Nh2 48. e5 fxe5+ 49. dxe5 Ra4+ 50. Kg3 Rxg4+ 51. Kxh2 Rxg8 0-1

[Event "*** Titled Tuesday Blitz"]
[Site "Chess.com"]
[Date "2020.02.04"]
[Round "6"]
[White "GukeshDommaraju"]
[Black "Colombiano07"]
[Result "1-0"]
[WhiteElo "2656"]
[BlackElo "2282"]
[TimeControl "180+2"]
[EndTime "10:21:59 PST"]
[Termination "GukeshDommaraju won by resignation"]

1. Nf3 Nf6 2. g3 d6 3. d4 Nbd7 4. Bg2 e5 5. c4 Be7 6. Nc3 O-O 7.
O-O c6 8. e4 a6 9. a4 a5 10. b3 Re8 11. Ba3 Bf8 12. Re1 Qc7 13.
Qc2 exd4 14. Nxd4 Ne5 15. h3 h5 16. f4 Ng6 17. Qf2 Qb6 18. Rad1 Bd7 19. Bc1 Rad8 20. Be3 Qc7 21. Nf3 Qc8 22. Ng5 Nh7 23. Nxh7 Kxh7 24. Kh2 Qa8 25. Qf3 h4 26. g4 Bc8 27. Kh1 Be7 28. g5 Kg8 29. Ne2 b5 30. cxb5 cxb5 31. axb5 Bb7 32. Nd4 Bf8 33. Bg1 Rc8 34. Nf5 Rc5 35.
Bxc5 dxc5 36. Rd7 Bc8 37. Rdd1 Bxf5 38. exf5 Qxf3 39. Bxf3 Rxe1+ 40. Rxe1 Nxf4 41. b6 Bd6 42. b7 Nxh3 43. g6 fxg6 44. fxg6 Kf8 45. Bc6 Nf2+ 46. Kg2 h3+ 1-0

[Event "*** Titled Tuesday Blitz"]
[Site "Chess.com"]
[Date "2020.02.04"]
[Round "6"]
[White "Evgeny81"]
[Black "platy3"]
[Result "1/2-1/2"]
[WhiteElo "2704"]
[BlackElo "2898"]
[TimeControl "180+2"]
[EndTime "10:22:00 PST"]
[Termination "Game drawn by repetition"]

1. d4 Nf6 2. c4 e6 3. Nf3 d5 4. Nc3 dxc4 5. e3 a6 6. Bxc4 b5 7. Be2 Bb7 8. O-O Nbd7 9. b3 c5 10. Bb2 cxd4 11. Qxd4 Bc5 12. Qf4 O-O 13. Rfd1 Qb8 14.
Qxb8 Raxb8 15. Rac1 Rbc8 16. a4 b4 17. Nb1 Be7 18.
Nbd2 Nc5 19. Bd4 Rc7 20. Be5 Rd7 21. Bxf6 gxf6 22. Kf1 f5 23. Ne5 Rd5 24. Nec4 e5 25. Na5 Ba8 26. Ndc4 Rfd8 27. Rxd5 Bxd5 28. Nxe5 Nxb3 29.
Nxb3 Bxb3 30. Nc6 Rd7 31. Rb1 Bxa4 32. Nxe7+ Rxe7 33. Rxb4 Bb5 34. Bxb5 Rb7 35. Ra4 axb5 36. Rb4 Kg7 37. Ke2 Kf6 38. Kd3 Ke5 39. Rh4 b4 40. Kc2 b3+ 41. Kb2 f6 42. Rd4 h5 43. h4 Rb8 44. g3 Rb7 45. Rf4 Rb8 46. Rd4 Rb7 47. Ra4 Rb8 48. Rd4 1/2-1/2

[Event "*** Titled Tuesday Blitz"]
[Site "Chess.com"]
[Date "2020.02.04"]
[Round "6"]
[White "DevikBronstein"]
[Black "Anton_Demchenko"]
[Result "0-1"]
[WhiteElo "2725"]
[BlackElo "2961"]
[TimeControl "180+2"]
[EndTime "10:22:02 PST"]
[Termination "Anton_Demchenko won by resignation"]

1. e4 e5 2. Nf3 Nc6 3. Bb5 g6 4. c3 a6 5. Ba4 Bg7 6. O-O d6 7. d4 Bd7 8. Bg5 Nge7 9. d5 Nb8 10. c4 O-O 11. Nc3 h6 12. Bxe7 Qxe7 13. Ne1 Bc8 14.
Nd3 Nd7 15. b4 f5 16. c5 Nf6 17. f3 h5 18. Rc1 Bh6 19. Rc2 Be3+ 20. Kh1 h4 21.
Qe1 f4 22. Qxh4 Kg7 23. g4 fxg3 24. Qxg3 Nh5 25. Qe1 Qg5 26. Rg2 Qh6 27. Qh4 Nf4 28. Qxh6+ Kxh6 29. Nxf4 exf4 30. cxd6 cxd6 31. Rc2 Bh3 32.
Re1 Rac8 33. Nd1 Rxc2 34. Bxc2 Bd4 35. Re2 Rc8 36. Rd2 Bb6 37. Bb3 Kg7 38. Rc2 Rxc2 39.
Bxc2 Kf6 40. Nb2 g5 41. Nc4 Bc7 42. Bd3 b5 43. Nd2 Ke5 44. Nb3 Bb6 45. Be2 g4 46.
fxg4 Kxe4 47. g5 Ke3 48. Bh5 Kf2 0-1

[Event "*** Titled Tuesday Blitz"]
[Site "Chess.com"]
[Date "2020.02.04"]
[Round "6"]
[White "obliviate12"]
[Black "Mr_Sinigami"]
[Result "0-1"]
[WhiteElo "2861"]
[BlackElo "2728"]
[TimeControl "180+2"]
[EndTime "10:22:03 PST"]
[Termination "Mr_Sinigami won by resignation"]

1. e4 d6 2. d4 Nf6 3. Nc3 Nbd7 4. Nf3 e5 5. Bc4 Be7 6. O-O O-O 7. Re1 c6 8. a4 b6 9. h3 a6 10. Ba2 Bb7 11. Nh4 b5 12. Nf5 b4 13. Nb1 Re8 14.
dxe5 Nxe5 15. Bf4 Bf8 16. Nd2 c5 17. Qe2 Ng6 18. Bg5 h6 19. Bxf6 Qxf6 20. Qc4 d5 21.
Qb3 c4 22. Qg3 dxe4 23. Ne3 c3 24. bxc3 Qxc3 25. Qxg6 b3 26. Bxb3 Qxb3 27. Nxb3 fxg6 28. Na5 Bc8 29. Rab1 Bc5 30. Red1 Be6 31. Nc6 Rec8 32.
Nd4 Bf7 33. Rb7 Rab8 34. Rxb8 Rxb8 35. g3 Rb4 36. Nc6 Rxa4 37. Rd7 Be6 38. Rc7 Bxe3 39. fxe3 Rc4 40. Ne7+ Kf7 41. Rxc4 Bxc4 42. Nc6 Ke6 43. Kf2 Kd6 44. Na5 Kc5 45. Ke1 Bd5 46. Kd2 Kb4 47.
c4 Kxa5 0-1

[Event "*** Titled Tuesday Blitz"]
[Site "Chess.com"]
[Date "2020.02.04"]
[Round "6"]
[White "ChessLover0108"]
[Black "Kirill_Kopenkin"]
[Result "1-0"]
[WhiteElo "2743"]
[BlackElo "2540"]
[TimeControl "180+2"]
[EndTime "10:22:05 PST"]
[Termination "ChessLover0108 won by resignation"]

1. d4 Nf6 2. c4 g6 3. Nc3 Bg7 4. e4 d6 5. Be2 O-O 6. Nf3 e5 7.
Be3 Ng4 8. Bg5 f6 9. Bh4 g5 10. Bg3 Nh6 11. c5 g4 12. Nh4 f5 13. exf5 exd4 14. cxd6 dxc3 15. Qb3+ Kh8 16. O-O cxb2 17. dxc7 bxa1=Q 18. cxd8=Q Qxf1+ 19. Bxf1 Rxd8 20. Bc7 Rf8 21. Bd6 Re8 22. Qa4 Nc6 23. Qf4 Ng8 24. Qxg4 Nd4 25. h3 Nh6 26. Qh5 Bxf5 27. Bc5 Rf8 28. Bxd4 Bxd4 29.
Qxh6 Bg7 30. Qe3 Rae8 31. Qa3 a6 32. Nxf5 Rxf5 33. Qd3 Ref8 34. f3 Rg5 35. g4 Rc5 36. Be2 Rc3 37. Qe4 Rd8 38. Kg2 b5 39. h4 Rc7 40. g5 Rdd7 41. Qe8+ 1-0

[Event "*** Titled Tuesday Blitz"]
[Site "Chess.com"]
[Date "2020.02.04"]
[Round "6"]
[White "DamianoLew95"]
[Black "heyiampotato"]
[Result "1-0"]
[WhiteElo "2599"]
[BlackElo "2471"]
[TimeControl "180+2"]
[EndTime "10:22:08 PST"]
[Termination "DamianoLew95 won by resignation"]

1. d4 Nf6 2. Bf4 g6 3. Nc3 d5 4. e3 Bg7 5. h4 h5 6. Nf3 O-O 7.
Ne5 Nbd7 8. Be2 Nxe5 9. dxe5 Ng4 10. Qxd5 Nxe5 11. Bxe5 Qxd5 12. Nxd5 Bxe5 13. Nxe7+ Kg7 14. Nxc8 Bxb2 15. Rb1 Bc3+ 16. Kf1 Rfxc8 17. Rxb7 Rab8 18. Rb3 Bf6 19. Ba6 Rd8 20. Ke2 Rb6 21. Bd3 Rd5 22.
Rxb6 axb6 23. a4 Rc5 24. g3 Rc3 25. Rb1 Ra3 26. Rb4 Be5 27. Re4 Bd6 28. f4 Kf6 29. Rc4 Ra1 30. e4 Bc5 31. e5+ Ke7 32. Re4 Rg1 33.
Kf3 Rb1 34. Rc4 Rb4 35. g4 hxg4+ 36. Kxg4 Rxc4 37. Bxc4 Be3 38. f5 Bd4 39. Kf4 gxf5 40. Kxf5 Be3 41. h5 Bd2 42. Be2 Bc1 43. Bg4 Bd2 44.
Ke4 Bc1 45. Kd5 Bf4 46. Bf5 Be3 47. c4 Bf4 48. c5 Be3 49. Kc6 Bxc5 50. a5 Bd4 51. a6 b5 52. Kxb5 Kf8 53. h6 f6 54.
e6 Ke7 1-0